 Dungeon Crawl Stone Soup version 0.31-a0-233-g139696dc86 (webtiles) character file.

Game seed: 3086472603972711865

135 qw the Shooter (level 4, -1/33 (38) HPs)
             Began as a Minotaur Hexslinger on July 7, 2023.
             Slain by an orc wizard
             ... wielding a +0 dagger
              (2 damage)
             ... on level 3 of the Dungeon.
             The game lasted 00:00:44 (2112 turns).

qw the Shooter (Minotaur Hexslinger)                Turns: 2112, Time: 00:00:45

HP:   -1/33 (38)    AC:  2    Str: 13    XL:     4   Next: 96%
MP:   4/4           EV: 12    Int: 10    God:
Gold: 85            SH:  0    Dex: 14    Spells: 4/5 levels left

rFire   . . .        Y - +1 sling
rCold   . . .        (no shield)
rNeg    . . .        c - +0 robe
rPois   .            (helmet restricted)
rElec   .            (no cloak)
rCorr   .            (no gloves)
SInv    .            (no boots)
Will    .....        (no amulet)
Stlth   +            (no ring)
HPRegen 0.25/turn    (no ring)
MPRegen 0.09/turn

%: no passive effects
@: heavily drained
A: horns 2, retaliatory headbutt
a: no special abilities


You were on level 3 of the Dungeon.
You visited 1 branch of the dungeon, and saw 3 of its levels.

You collected 85 gold pieces.


Innate Abilities, Weirdness & Mutations

You have a pair of horns on your head.
You reflexively headbutt those who attack you in melee.


   Skills:
 - Level 3.1 Fighting
 + Level 5.0 Ranged Weapons
 - Level 2.1 Dodging
 - Level 1.0 Spellcasting
 - Level 2.0 Hexes


You had 4 spell levels left.
You knew the following spells:

 Your Spells              Type           Power      Damage    Failure   Level
a - Slow                  Hex            16%        N/A       16%         1

Your spell library contained the following spells:

 Spells                   Type           Power      Damage    Failure   Level
 Inner Flame              Hex/Fire       2%         N/A       56%         3
 Portal Projectile        Hex/Tloc       4%         N/A       56%         3
 Cause Fear               Hex            2%         N/A       83%         4

Inventory:

Hand Weapons
 Y - a +1 sling (weapon)
Armour
 c - a +0 robe (worn)
Scrolls
 a - a scroll of identify
 b - a scroll of amnesia {unknown}
 e - a scroll of vulnerability {unknown}
 f - a scroll of teleportation {unknown}
Potions
 d - a potion of degeneration {unknown}
 i - a potion of curing

Dungeon Overview and Level Annotations

Branches:
Dungeon (3/15)

Altars:
Kikubaaqudgha


Message History

Enter note:
Enter note: You shoot a sling bullet.
The sling bullet hits the orc wizard but does no damage.
The orc wizard casts a spell.
The orc wizard flickers and vanishes!
Deactivating autopickup; reactivate with Ctrl-A.
You shoot a sling bullet. The sling bullet hits the orc.
The orc is moderately wounded.
The orc priest casts a cantrip, but nothing happens.
You shoot a sling bullet. The sling bullet barely misses the orc.
The sling bullet hits the orc priest.
The orc priest is lightly wounded.
You shoot a sling bullet. You shoot a sling bullet.
The sling bullet hits the orc.
The orc is heavily wounded.
Something hits you.
You feel drained.
The orc hits you with a +3 dagger of speed.
The orc priest calls down the wrath of Beogh upon you.
Beogh smites you!
The orc priest calls upon Beogh to heal the orc.
The orc's wounds heal themselves!
Something hits you but does no damage.
You feel drained.
You shoot a sling bullet.
The sling bullet hits the orc wizard but does no damage.
You hear some strange, mumbled words.
A magic dart appears from out of thin air!
The magic dart hits you!
You shoot a sling bullet. The sling bullet hits the orc priest.
The orc priest is lightly wounded.
Something hits you.
You feel drained.
The orc priest looks encouraged for a moment.
The orc wizard closely misses you.
The orc priest hits you with a +0 flail.
You shoot a sling bullet. The sling bullet hits the orc priest.
The orc priest is moderately wounded.
Something hits you.
You feel drained.
The orc priest casts a cantrip, but nothing happens.
The orc wizard hits you with a +0 dagger.
You die...

.......##.##....##.#
........>.##....##.#
#......#..##....##.#
#.##.#.#..###.####.#
.....#.........###.#
...#......#####..#.#
..##.#.#.##.$$##.#.#
.......#.#.8$8.#o#.#
.........#_...oo@#.#
..##.###.#.8.8o#{#.#
..##..)..##.$. #.#.#
.#######.#########.#
.# #.# #.#....#
.#######.####.#.####
.............[..#
.#######.####.#.# .#
###.# #.###


You could see 2 orc priests, an orc wizard and an orc.

Vanquished Creatures
  A gnoll (D:1)
  7 adders
  A dart slug (D:1)
  8 ball pythons
  2 bats
  3 endoplasms
  A giant cockroach (D:1)
  4 goblins
  2 hobgoblins
  6 jackals
  5 quokkas
  5 frilled lizards
  8 kobolds
  9 rats
62 creatures vanquished.

Notes
Turn   | Place    | Note
-------+----------+-------------------------------------------
     0 | D:1      | qw the Minotaur Hexslinger began the quest for the Orb.
     0 | D:1      | Reached XP level 1. HP: 16/16 MP: 1/1
     0 | D:1      | 0 ||| qw: Version: 0.3-a-46-gb1f654a
     0 | D:1      | 0 ||| qw: Game counter: 3171
     0 | D:1      | 0 ||| qw: Melee chars always use a shield: true
     0 | D:1      | 0 ||| qw: God list: Okawaru
     0 | D:1      | 0 ||| qw: Allow faded altars: false
     0 | D:1      | 0 ||| qw: Do Orc after clearing Dungeon:15 true
     0 | D:1      | 0 ||| qw: Do second Lair branch before Depths: true
     0 | D:1      | 0 ||| qw: Lair rune preference: random
     0 | D:1      | 0 ||| qw: Goals: Normal
     0 | D:1      | 0 ||| PLANNING D:1-11
    88 | D:1      | Reached skill level 3 in Ranged Weapons
   216 | D:1      | Reached XP level 2. HP: 23/23 MP: 2/2
   458 | D:1      | Reached XP level 3. HP: 29/29 MP: 3/3
   797 | D:1      | 797 ||| READING 2 scrolls labelled LIAKKEAQ QAIMM.
   798 | D:1      | 798 ||| READING scroll labelled WUTOENUARGHE.
   799 | D:1      | 799 ||| READING 2 scrolls labelled KEMYWO IBYGH.
   800 | D:1      | 800 ||| DRINKING 2 silvery potions.
   801 | D:1      | 801 ||| DRINKING 2 golden potions.
   842 | D:1      | 842 ||| DRINKING 2 amethyst potions.
   843 | D:1      | 843 ||| DRINKING 2 bubbling ruby potions.
   844 | D:1      | 844 ||| DROPPING scroll of poison.
   845 | D:1      | 845 ||| DROPPING potion of brilliance.
   846 | D:1      | 846 ||| DROPPING potion of lignification.
   847 | D:1      | 847 ||| DROPPING scroll of blinking.
   907 | D:2      | Reached skill level 4 in Ranged Weapons
  1077 | D:2      | Reached XP level 4. HP: 36/36 MP: 4/4
  1452 | D:2      | Reached skill level 5 in Ranged Weapons
  1639 | D:3      | HP: 9/37 [poisoned by an adder]
  1640 | D:3      | 1640 ||| DRINKING potion of heal wounds.
  1648 | D:3      | HP: 9/37 [poisoned by an adder]
  1779 | D:3      | Found an ancient bone altar of Kikubaaqudgha.
  1842 | D:3      | Found a faded altar of an unknown god.
  2011 | D:3      | Reached skill level 3 in Fighting
  2110 | D:3      | HP: 7/36 [something/magic dart (11)]
  2112 | D:3      | HP: 1/34 [something (4)]
  2112 | D:3      | Slain by an orc wizard

Levels and vault maps discovered:
D:1:      dpeg_arrival_oval, layout_basic, grunt_decor_cap
D:2:      layout_loops_cross
D:3:      layout_basic, mainiacjoe_overflow_surrounded_room,
          shapermc_ecumenical_altar_mp_vishouse, dreamdust_princess_corridor,
          kennysheep_orc_chapel

Skill      XL: |  1  2  3  4 |
---------------+-------------+-----
Ranged Weapons | 3 4 5 |  5.0
Fighting       | 2 3 |  3.1
Dodging        | |  2.1
Spellcasting   | |  1.0
Hexes          | |  2.0

Action                     |  1- 3 |  4- 6 || total
---------------------------+-------+-------++-------
   Fire: Sling             |    91 |    80 ||   171
    Use: Potion            |     4 |     1 ||     5
         Scroll            |     3 |       ||     3
 Armour: Robe              |     9 |    12 ||    21
  Dodge: Dodged            |    24 |    37 ||    61

Table legend:
 A = Non-vault XP
 B = Vault XP
 C = Vault XP percentage of total XP
 D = Non-vault monster count
 E = Vault monster count
 F = Vault count percentage of total count
                 A         B        C        D         E       F
            +---------+---------+-------+---------+---------+-------
      Total |     193 |       0 |   0.0 |      62 |       0 |   0.0
            +---------+---------+-------+---------+---------+-------
        D:1 |      61 |       0 |   0.0 |      29 |       0 |   0.0
        D:2 |      90 |       0 |   0.0 |      22 |       0 |   0.0
        D:3 |      42 |       0 |   0.0 |      11 |       0 |   0.0
            +---------+---------+-------+---------+---------+-------
